 Dungeon Crawl Stone Soup version 0.24.0-37-gcf1ca852f1 (webtiles) character file.

Game seed: 1914703435540602992, levelgen mode: deterministic

98 Delamore the Chopper (level 4, 0/39 HPs)
             Began as a Hill Orc Fighter on Nov 28, 2019.
             Succumbed to an orc's poison
             ... on level 2 of the Dungeon.
             The game lasted 00:03:04 (2500 turns).

Delamore the Chopper (Hill Orc Fighter)             Turns: 2500, Time: 00:03:05

Health: 0/39       AC:  6    Str: 19    XL:     4   Next: 69%
Magic:  4/4        EV:  7    Int:  8    God:
Gold:   94         SH:  9    Dex: 10    Spells: 3/3 levels left

rFire    + . .     SeeInvis .   k - +0 hand axe (curse)
rCold    + . .     Gourm    .   c - +0 shield
rNeg     . . .     Faith    .   b - +0 scale mail
rPois    +         Spirit   .   (no helmet)
rElec    +         Reflect  .   (no cloak)
rCorr    +         Harm     .   (no gloves)
MR       .....                  (no boots)
Stlth    ..........             (no amulet)
HPRegen  0.13/turn              (no ring)
MPRegen  0.09/turn              (no ring)

@: lethally poisoned (0 -> -27), resistant
A: no striking features
a: no special abilities


You were on level 2 of the Dungeon.
You were not hungry.

You visited 1 branch of the dungeon, and saw 3 of its levels.

You collected 94 gold pieces.

Inventory:

Hand Weapons
 a - a +0 war axe
 k - a cursed +0 hand axe (weapon)
Missiles
 o - 4 boomerangs (quivered)
Armour
 b - a +0 scale mail (worn)
 c - a +0 shield (worn)
Wands
 r - a wand of digging (6)
Scrolls
 h - 3 scrolls of amnesia {unknown}
 i - 2 scrolls of magic mapping {unknown}
 l - a scroll of fear {unknown}
 p - a scroll of teleportation {unknown}
Potions
 d - a potion of might
 e - 2 potions of resistance
 g - 2 potions of lignification {unknown}
 j - a potion of flight {unknown}
 n - a potion of mutation {unknown}
 q - a potion of magic {unknown}
Comestibles
 f - 4 rations


   Skills:
 - Level 3.6 Fighting
 + Level 6.3 Axes
 - Level 3.2 Armour
 - Level 3.2 Shields


You had 3 spell levels left.
You didn't know any spells.
Your spell library was empty.

Dungeon Overview and Level Annotations

Branches:
Dungeon (3/15)

Altars:
Fedhas

Annotations:
D:2 1 runed translucent door, Crazy Yiuf


Message History

The orc throws a poisoned dart.
The poisoned dart hits you!
You are more poisoned.
Things that are here:
a poisoned dart; a stone
* * * LOW HITPOINT WARNING * * *
You feel very sick.
You see here a poisoned dart.
* * * LOW HITPOINT WARNING * * *
You feel very sick.
There is a stone staircase leading up here.
* * * LOW HITPOINT WARNING * * *
You feel very sick.
You climb upwards.
Level annotation: 1 runed translucent door, Crazy Yiuf
* * * LOW HITPOINT WARNING * * *
You feel very sick.
There is a stone staircase leading down here.
It was a potion of resistance.
You feel protected.
You die...

######### #.......#
########### #.##.##.#
#.........# #..#.#..#
#####.........#######...#).##
.....................).###.#
.####.)............###..#[.##
## #...........@..##..#.#..##
#..............##.##.##..#
#.......<......##........###
#..............###.##.##...#
#..............# #.##.##...#
#..............# ###########
##########.....# #.....# ♣♣♣
#.....# ### ♣♣♣.♣


There were no monsters in sight!

Vanquished Creatures
  4 gnolls
  An ooze (D:2)
  A worm (D:2)
  2 dart slugs (D:2)
  2 leopard geckos
  An orc (D:2)
  4 bats
  2 giant cockroaches
  5 goblins
  7 hobgoblins
  7 kobolds
  A quokka (D:2)
  A frilled lizard (D:1)
  5 rats
43 creatures vanquished.

Notes
Turn   | Place    | Note
-------+----------+-------------------------------------------
     0 | D:1      | Delamore the Hill Orc Fighter began the quest for the Orb.
     0 | D:1      | Reached XP level 1. HP: 19/19 MP: 1/1
    66 | D:1      | Reached skill level 3 in Axes
   238 | D:1      | Reached XP level 2. HP: 22/26 MP: 2/2
   479 | D:1      | Reached skill level 4 in Axes
   966 | D:2      | Reached XP level 3. HP: 29/31 MP: 3/3
  1034 | D:3      | Reached skill level 5 in Axes
  1381 | D:3      | Reached XP level 4. HP: 4/39 MP: 4/4
  2076 | D:2      | Reached skill level 6 in Axes
  2094 | D:2      | Found a runed translucent door.
  2095 | D:2      | Noticed Crazy Yiuf
  2206 | D:2      | Found a blossoming altar of Fedhas.
  2500 | D:2      | Succumbed to an orc's poison

Levels and vault maps discovered:
D:1:      lemuel_arrival_cross, layout_basic, minmay_cut_off
D:2:      layout_rooms, lemuel_doored_altar, solitary_fountain,
          minmay_stone_trees_small, minmay_tall_x, uniq_crazy_yiuf_cottage
D:3:      layout_basic

Skill      XL: |  1  2  3  4 |
---------------+-------------+-----
Axes           | 3 4 5 6 |  6.3
Fighting       | |  3.6
Armour         | |  3.2
Shields        | |  3.2

Action                   |  1- 3 |  4- 6 || total
-------------------------+-------+-------++-------
Melee: War axe           |    14 |       ||    14
       Hand axe          |    76 |    71 ||   147
Throw: Boomerang         |       |     2 ||     2
  Use: Potion            |       |     1 ||     1
  Eat: Chunk             |     1 |     4 ||     5
Armor: Scale mail        |    31 |    19 ||    50
Dodge: Dodged            |    31 |    19 ||    50
Block: Shield            |    46 |    35 ||    81
